 Dungeon Crawl Stone Soup version 0.19-a0-1007-g133f65f (webtiles) character file.

508 Implojin the Grappler (level 6, -6/51 HPs)
             Began as a Minotaur Fighter on July 20, 2016.
             Mangled by an orc warrior
             ... wielding a +0 scimitar
              (13 damage)
             ... on level 7 of the Dungeon.
             The game lasted 00:05:46 (1114 turns).

Implojin the Grappler (Minotaur Fighter)            Turns: 1114, Time: 00:05:47

Health: -6/51      AC:  6    Str: 20    XL:     6   Next: 98%
Magic:  5/5        EV: 12    Int:  5    God:
Gold:   18         SH:  9    Dex: 17    Spells: 0 memorised, 5 levels left

rFire  . . .     SeeInvis .       - Unarmed
rCold  . . .     Gourm    .     a - +0 scale mail
rNeg   . . .     Faith    .     b - +0 shield
rPois  .         Spirit   .     (helmet restricted)
rElec  .         Dismiss  .     (no cloak)
rCorr  .         Reflect  .     (no gloves)
SustAt .         Harm     .     (no boots)
MR     .....                    (no amulet)
Stlth  +.........               (no ring)
                                (no ring)

@: agile, drained, not resistant to hostile enchantments, very unstealthy
A: retaliatory headbutt, horns 2
a: no special abilities


You were on level 7 of the Dungeon.
You were hungry.

You visited 1 branch of the dungeon, and saw 7 of its levels.

You collected 18 gold pieces.

Inventory:

Armour
 a - a +0 scale mail (worn)
 b - a +0 shield (worn)
 e - a +0 ring mail
Wands
 i - a wand of lightning (8/15)
Scrolls
 g - a scroll of fog {unknown}
 h - a scroll of immolation
 j - a scroll of enchant weapon {unknown}
 o - a scroll of blinking
 q - 2 scrolls of teleportation {unknown}
Potions
 l - a potion of lignification
 m - 2 potions of agility
 p - a potion of curing
Books
 n - a book of Dreams

   Spells                             Type                      Level
   a - Ensorcelled Hibernation        Hexes/Ice                    2
   b - Silence                        Hexes/Air                    5
   c - Darkness                       Hexes                        6
   d - Shadow Creatures               Summoning                    6
 r - a Fen Folio

   Spells                             Type                      Level
   a - Corpse Rot                     Necromancy                   2
   b - Stone Arrow                    Conjuration/Earth            3
   c - Leda's Liquefaction            Hexes/Earth                  4
   d - Summon Forest                  Summoning/Translocation      5
   e - Hydra Form                     Transmutation                6
   f - Summon Hydra                   Summoning                    7
Comestibles
 c - a beef jerky
 d - 5 bread rations
 f - a royal jelly
 k - a meat ration


   Skills:
 - Level 3.6(3.2) Fighting
 - Level 3.6(3.2) Armour
 - Level 3.6(3.2) Shields
 * Level 8.3(7.9) Unarmed Combat


You had 5 spell levels left.
You didn't know any spells.

Dungeon Overview and Level Annotations

Branches:
Dungeon (7/15)
 Temple: D:4-7

Altars:
Zin


Innate Abilities, Weirdness & Mutations

You reflexively headbutt those who attack you in melee.
You have a pair of horns on your head.


Message History

You climb downwards.
There is a stone staircase leading up here.
Unknown command.
Found a ring mail.
Found a scroll labeled IMAILLA LID EMOYH.
You see here a helmet.
q - 2 scrolls labeled IMAILLA LID EMOYH (gained 1)
Found an escape hatch in the ceiling.
An orc comes into view. It is wielding a mace.
The orc shouts!
An orc warrior comes into view. It is wielding a scimitar.
The orc warrior shouts!
You block the orc's attack.
You closely miss the orc. Your headbutt misses the orc.
The orc barely misses you. You furiously retaliate!
You headbutt the orc.
You kill the orc!
The orc warrior hits you with a scimitar.
An orc comes into view. It is wielding a dagger.
You hit the orc warrior but do no damage.
The orc warrior hits you with a scimitar!
You barely miss the orc warrior.
You hit the orc warrior but do no damage.
Your headbutt misses the orc warrior.
The orc warrior hits you with a scimitar!!
* * * LOW HITPOINT WARNING * * *
You hear a shout!
Unknown command.
You hit the orc warrior.
The orc warrior is lightly wounded.
You block the orc warrior's attack.
You feel agile all of a sudden.
The orc warrior hits you with a scimitar!
* * * LOW HITPOINT WARNING * * *
Unknown command.
Unknown command.
Your shield and scale mail prevent you from hitting the orc warrior.
You headbutt the orc warrior, but do no damage.
The orc warrior is lightly wounded.
The orc warrior hits you with a scimitar!
You die...

### #.#
##. #.#
#.. #.#
#.# #.#
#o. #.#
#<#
######.#
#.#######
......[#
#oo@....#
.#####.#
#.#####.#
.# #.#
#.# .#
#.# #.#
.# #.#
#.# .#
#.# #.#
.# #.#
#.# .#
##.## #.#
.# #...#
#.#


You could see an orc warrior and an orc.

Vanquished Creatures
  The ghost of Implojin the Slasher, an amateur MiFi (D:5)
  A centaur (D:6)
  An ogre (D:6)
  A giant frog zombie (D:6)
  A hound (D:4)
  An orc wizard (D:5)
  2 iguanas (D:6)
  A hound skeleton (D:5)
  An adder (D:6)
  A shadow imp (D:5)
  An adder zombie (D:5)
  2 worms (D:4)
  A giant gecko (D:5)
  3 orcs
  2 giant cockroaches
  A goblin (D:2)
  5 hobgoblins
  2 kobolds (D:2)
  2 bats
  A giant gecko skeleton (D:5)
  A giant newt (D:2)
  3 rats
35 creatures vanquished.

Notes
Turn   | Place    | Note
-------+----------+-------------------------------------------
     0 | D:1      | Implojin the Minotaur Fighter began the quest for the Orb.
     0 | D:1      | Reached XP level 1. HP: 19/19 MP: 0/0
    60 | D:2      | Reached skill level 3 in Unarmed Combat
    90 | D:2      | Reached XP level 2. HP: 22/26 MP: 1/1
   315 | D:4      | Reached skill level 4 in Unarmed Combat
   315 | D:4      | Reached XP level 3. HP: 24/31 MP: 2/2
   350 | D:5      | Entered Level 5 of the Dungeon
   385 | D:5      | Found a glowing silver altar of Zin.
   418 | D:5      | Noticed Implojin's ghost (amateur MiFi)
   427 | D:5      | Killed Implojin's ghost
   427 | D:5      | Reached skill level 6 in Unarmed Combat
   427 | D:5      | Reached XP level 4. HP: 19/39 MP: 3/3
   427 | D:5      | Reached XP level 5. HP: 22/45 MP: 4/4
   613 | D:6      | Reached skill level 7 in Unarmed Combat
   613 | D:6      | Reached XP level 6. HP: 39/51 MP: 5/5
   672 | D:6      | Reached skill level 8 in Unarmed Combat
  1105 | D:7      | Noticed an orc warrior
  1114 | D:7      | Mangled by an orc warrior

Vault maps used:
D:1:      co_arrival_square_in_a_square_in_a_square
D:2:      minmay_tripent
D:3:      first_bread, due_unseen_surprise, uniq_iyjb
D:4:      serial_shops, shop, minmay_crystal_water,
          grunt_dithmenos_smoke_and_mirrors
D:5:      basic_altar, nrook_loot_triangle
D:6:      kennysheep_generic_room_8, uniq_prince_ribbit1
D:7:      serial_shops, shop, uniq_crazy_yiuf_cottage

Skill      XL: |  1  2  3  4  5  6 |
---------------+-------------------+-----
Unarmed Combat | 3 4 6 7 8 |  8.3
Fighting       | |  3.6
Armour         | |  3.6
Shields        | |  3.6

Action                   |  1- 3 |  4- 6 || total
-------------------------+-------+-------++-------
Melee: Unarmed           |    48 |    53 ||   101
       Headbutt          |     8 |    13 ||    21
  Use: Potion            |     1 |     1 ||     2
       Scroll            |       |     6 ||     6
Armor: Scale mail        |    19 |    19 ||    38
Dodge: Dodged            |    22 |    12 ||    34
Block: Shield            |    38 |    31 ||    69

Table legend:
 A = Turns spent in this place as a percentage of turns spent in the entire game.
 B = Non-inter-level travel turns spent in this place as a percentage of non-inter-level travel turns spent in the entire game.
 C = Inter-level travel turns spent in this place as a percentage of turns spent in this place.
 D = Turns resting spent in this place as a percentage of non-inter-level travel turns spent in this place.
 E = Turns spent auto-exploring this place as a percentage of non-inter-level travel turns spent in this place.
 F = Non-inter-level travel turns spent in this place divided by the number of levels of this place that you've seen.
                   A       B       C       D       E      F
               +-------+-------+-------+-------+-------+----------------------
         Total | 100.0 | 100.0 |   0.0 |   0.0 |   0.0 | 163.9
       Dungeon | 100.0 | 100.0 |   0.0 |   0.0 |   0.0 | 163.9
               +-------+-------+-------+-------+-------+----------------------

Table legend:
 A = Kills in this place as a percentage of kills in entire the game.
 B = Kills by you in this place as a percentage of kills by you in the entire game.
 C = Kills by friends in this place as a percentage of kills by friends in the entire game.
 D = Other kills in this place as a percentage of other kills in the entire game.
 E = Experience gained in this place as a percentage of experience gained in the entire game.
 F = Experience gained in this place divided by the number of levels of this place that you have seen.
                   A       B       C       D       E      F
               +-------+-------+-------+-------+-------+----------------------
         Total | 100.0 | 100.0 |  -nan |  -nan | 100.0 | 103.9
       Dungeon | 100.0 | 100.0 |  -nan |  -nan | 100.0 | 103.9
               +-------+-------+-------+-------+-------+----------------------
